 Dungeon Crawl Stone Soup version 0.29-a0-222-g5b244fca1f (webtiles) character file.

Game seed: 10104773166320063654

23123 Morbidden the Fighter (level 13, -6/68 HPs)
             Began as a Vine Stalker Fighter on Feb 27, 2022.
             Was a Priest of Vehumet.
             Succumbed to a meliai's poison
             ... on level 14 of the Dungeon.
             The game lasted 00:22:24 (11227 turns).

Morbidden the Fighter (Vine Stalker Fighter)       Turns: 11227, Time: 00:22:24

Health: -6/68      AC: 19    Str: 19    XL:     13   Next: 4%
Magic:  14/24      EV:  6    Int: 12    God:    Vehumet [***...]
Gold:   250        SH: 14    Dex: 15    Spells: 21/25 levels left

rFire   . . .      SeeInvis .   b - +2 dagger (elec)
rCold   . . .      Faith    .   V - +0 tower shield
rNeg    . . .      Spirit   +   R - +6 chain mail of Unambiguity {Fly}
rPois   .          Reflect  .   M - +2 hat
rElec   .          Harm     .   Q - +0 cloak
rCorr   .          Rampage  .   (no gloves)
Will    +....                   (no boots)
Stlth   ..........              S - amulet of the acrobat
HPRegen 1.01/turn               y - +4 ring of slaying
MPRegen 0.19/turn               (no ring)

@: lethally poisoned (-6 -> -31), flying
A: fangs 3, regeneration 1, magic shield, antimagic bite, no potion heal 2
a: Renounce Religion


You were on level 14 of the Dungeon.
You worshipped Vehumet.
Vehumet was most pleased with you.
You visited 2 branches of the dungeon, and saw 14 of its levels.
You also visited: Ossuary.

You collected 706 gold pieces.
You spent 456 gold pieces at shops.

Inventory:

Hand Weapons
 a - a +2 vorpal scimitar
 b - a +2 dagger of electrocution (weapon)
 w - a +0 short sword of venom
 K - a +3 dagger of freezing
Missiles
 n - 30 poisoned darts
 q - 8 boomerangs (quivered)
 F - 4 throwing nets
 P - a curare-tipped dart
Armour
 G - the +1 pair of boots "Rulixut" {rF- rN+ Will++ Str+4}
   (You bought it in a shop on level 2 of the Dungeon)

   Str:       It affects your strength (+4).
   rF:        It makes you vulnerable to fire.
   rN:        It protects you from negative energy.
   Will:      It greatly increases your willpower.
 M - a +2 hat (worn)
 O - a +0 troll leather armour
 Q - a +0 cloak (worn)
 R - the +6 chain mail of Unambiguity (worn) {Fly}
   (You bought it in a shop on level 2 of the Dungeon)

   Fly:       It grants you flight.
 U - a +2 robe of cold resistance
 V - a +0 tower shield (worn)
Jewellery
 y - a +4 ring of slaying (left hand)
 S - an amulet of the acrobat (around neck)
Wands
 c - a wand of mindburst (12)
 t - a wand of paralysis (1)
 I - a wand of iceblast (10)
 N - a wand of polymorph (7)
 T - a wand of acid (4)
Scrolls
 j - a scroll of brand weapon
 k - 8 scrolls of identify
 l - 5 scrolls of teleportation
 p - 3 scrolls of fear
 r - a scroll of magic mapping
 v - a scroll of enchant weapon {unknown}
 x - a scroll of immolation {unknown}
 z - 3 scrolls of amnesia
 A - a scroll of blinking {unknown}
 B - a scroll of torment {unknown}
 C - 3 scrolls of noise {unknown}
 D - a scroll of vulnerability {unknown}
 E - 2 scrolls of fog
 H - a scroll of silence
Potions
 d - 2 potions of might
 e - 4 potions of lignification {unknown}
 f - 2 potions of brilliance {unknown}
 g - 3 potions of haste {unknown}
 h - 2 potions of heal wounds {unknown}
 i - 4 potions of flight {unknown}
 m - a potion of degeneration {unknown}
 o - 2 potions of mutation {unknown}
 s - 3 potions of attraction {unknown}
 u - 11 potions of curing {unknown}
 J - 3 potions of cancellation {unknown}
 L - a potion of magic {unknown}


   Skills:
 * Level 8.3 Fighting
 + Level 7.3(8.3) Short Blades
 + Level 6.0(7.6) Long Blades
 + Level 1.0 Throwing
 + Level 7.0 Armour
 * Level 6.0 Dodging
 + Level 2.5 Stealth
 + Level 5.1 Shields
 * Level 6.9 Spellcasting
 * Level 5.3 Conjurations
 * Level 6.7 Necromancy
 * Level 4.4 Air Magic
 + Level 0.2 Evocations


You had 21 spell levels left.
You knew the following spells:

 Your Spells              Type           Power      Damage    Failure   Level
a - Shock                 Conj/Air       60%        1d6       45%         1
b - Vampiric Draining     Necr           20%        2d7       97%         3

Your spell library contained the following spells:

 Spells                   Type           Power      Damage    Failure   Level
 Dazzling Flash           Conj/Hex       20%        N/A       97%         3
 Animate Skeleton         Necr           40%        N/A       71%         1
 Pain                     Necr           80%        1d8       71%         1
 Freeze                   Ice            16%        1d4       97%         1
 Ensorcelled Hibernation  Hex/Ice        8%         N/A       100%        2
 Frozen Ramparts          Ice            8%         1d2       100%        3
 Inner Flame              Hex/Fire       4%         N/A       100%        3
 Spider Form              Tmut/Pois      4%         N/A       100%        3
 Anguish                  Hex/Necr       6%         N/A       100%        4
 Cause Fear               Hex            2%         N/A       100%        4
 Hailstorm                Conj/Ice       10%        3d5       100%        4
 Discord                  Hex            2%         N/A       100%        8


Dungeon Overview and Level Annotations

Branches:
Dungeon (14/15)            Temple (0/1) D:6            Lair (1/6) D:10
Ossuary (visited)
    Orc: D:9-12      Vaults: D:13-14

Altars:
Cheibriados
Dithmenos
Fedhas
Hepliaklqana
Makhleb
Qazlal
Ru
Sif Muna
Trog
Vehumet

Shops:
D:1 *   D:2 [   D:4 ?   D:7 :

Portals:
Trove: D:10 (show abyssal rune of Zot)

Annotations:
D:2 1 runed translucent door, Crazy Yiuf


Innate Abilities, Weirdness & Mutations

You have razor-sharp teeth.
Your natural rate of healing is unusually fast.
When hurt, damage is shared between your health and your magic reserves.
Your bite disrupts and absorbs the magic of your enemies.
Potions cannot restore your health.


Message History

The tengu conjurer shouts!
You hit the meliai. You bite the meliai. You drain its power.
You feel invigorated.
The meliai is almost dead.
You feel very sick. You block the meliai's attack.
The meliai stings you but does no damage.
The meliai hits you with a +0 hand axe!
* * * LOW HITPOINT WARNING * * *
The meliai stings you. You block the meliai's attack.
The meliai stings you but does no damage.
You block the meliai's attack.
The meliai stings you but does no damage.
Unknown command.
Unknown command.
Unknown command.
You puncture the meliai!
You kill the meliai!
Vehumet accepts your kill.
* * * LOW HITPOINT WARNING * * *
You feel very sick. The meliai hits you but does no damage.
The meliai stings you but does no damage.
The meliai hits you but does no damage. The meliai stings you!
* * * LOW HITPOINT WARNING * * *
Unknown command.
Okay, then.
You closely miss the meliai. You bite the meliai! You drain its power.
You feel invigorated.
The meliai is heavily wounded.
* * * LOW HITPOINT WARNING * * *
You feel sick. You block the meliai's attack. The meliai stings you.
* * * LOW HITPOINT WARNING * * *
You are more poisoned.
The meliai poisons you! The meliai hits you but does no damage.
You block the meliai's attack.
Unknown command.
You puncture the meliai!
The meliai is almost dead.
You die...

###.....##.#.#
#...###..#.#.# #..#
'.### ##.#.#.# #..#
#≈# #.#.#.# #..#
#≈≈# #...#.# #Q.#
≈≈## ##..#.# #..#
≈########..#.# #..#
.......†.....# #)y#
##########.#.###@)#
#........#
##..####.# ....>#
.# ####### .. ###


You could see a tengu conjurer and a meliai.

Vanquished Creatures
  Gastronok (D:8)
  Harold (D:7)
  Fannar (D:10)
  A hydra (D:11)
  A vault guard (D:10)
  3 centaur warriors
  A boulder beetle (D:11)
  3 two-headed ogres
  5 death yaks (D:10)
  An orc knight (D:11)
  A cyclops (D:14)
  A manticore (D:10)
  A komodo dragon (D:10)
  3 hornets
  2 meliai (D:14)
  2 trolls
  A slime creature (D:14)
  A wraith (D:10)
  A shadow (D:5)
  A spriggan (D:8)
  A centaur simulacrum (D:14)
  2 wyverns
  20 yaks
  2 vampire mosquitoes (D:14)
  2 water moccasins
  A hornet zombie (Ossuary)
  5 orc warriors
  2 sky beasts (D:7)
  An ice beast (D:7)
  3 ogres
  10 centaurs
  2 necrophages
  A phantom (D:3)
  2 kobold brigands
  2 bullfrogs (D:8)
  A wyvern zombie (Ossuary)
  6 scorpions
  A water moccasin zombie (Ossuary)
  15 killer bees
  5 wights
  5 howler monkeys
  5 bullfrog zombies (Ossuary)
  8 hounds
  3 centaur zombies (Ossuary)
  A gnoll shaman (D:5)
  3 orc priests
  5 iguanas
  Natasha (thrice) (D:2)
  Terence (D:1)
  3 orc wizards
  3 killer bee zombies (Ossuary)
  19 mummies
  2 howler monkey zombies (Ossuary)
  11 adders
  4 gnolls (D:5)
  A shadow imp (D:7)
  2 worms
  5 dart slugs
  24 orcs
  10 ball pythons
  3 bats
  6 endoplasms
  3 giant cockroaches
  11 goblins
  6 hobgoblins
  2 jackals (D:3)
  5 quokkas
  3 frilled lizards
  9 kobolds
  2 kobold zombies (D:6)
  2 orc zombies (D:6)
  2 rats (D:2)
288 creatures vanquished.

Vanquished Creatures (others)
  3 withered plants (Ossuary)
3 creatures vanquished.

Grand Total: 291 creatures vanquished

Notes
Turn   | Place    | Note
-------+----------+-------------------------------------------
     0 | D:1      | Morbidden the Vine Stalker Fighter began the quest for the
                  | Orb.
     0 | D:1      | Reached XP level 1. HP: 11/11 MP: 2/2
   245 | D:1      | Reached XP level 2. HP: 15/16 MP: 1/3
   260 | D:1      | Found Zoloozin's Assorted Antiques.
   753 | D:1      | Reached XP level 3. HP: 10/19 MP: 2/4
   905 | D:2      | Noticed Terence
   944 | D:1      | Killed Terence
   945 | D:1      | Reached skill level 3 in Fighting
  1199 | D:2      | Gained mutation: Your natural rate of healing is unusually
                  | fast. [Vine Stalker growth]
  1199 | D:2      | Reached XP level 4. HP: 24/24 MP: 6/6
  1206 | D:2      | Found Tivat's Antique Armour Shoppe.
  1286 | D:2      | Found a faded altar of an unknown god.
  1371 | D:2      | Noticed Natasha
  1398 | D:2      | Reached skill level 1 in Spellcasting
  1402 | D:2      | Killed Natasha
  1464 | D:2      | Noticed Natasha
  1475 | D:2      | Killed Natasha
  1476 | D:2      | Reached XP level 5. HP: 25/28 MP: 4/7
  1519 | D:2      | Noticed Natasha
  1529 | D:2      | Killed Natasha
  1823 | D:2      | Found a runed translucent door.
  1824 | D:2      | Noticed Crazy Yiuf
  2465 | D:3      | Reached skill level 1 in Dodging
  2471 | D:3      | Reached XP level 6. HP: 27/32 MP: 8/8
  2574 | D:3      | Found a bloodstained altar of Trog.
  2993 | D:4      | Reached XP level 7. HP: 25/37 MP: 6/10
  3116 | D:4      | Reached skill level 4 in Fighting
  3116 | D:4      | Reached skill level 1 in Short Blades
  3387 | D:4      | Found Netsugue's Magic Scroll Shoppe.
  3512 | D:5      | Entered Level 5 of the Dungeon
  3554 | D:5      | Noticed a troll
  3648 | D:5      | Found a sand-covered staircase.
  3665 | Ossuary  | Entered an ossuary
  3705 | Ossuary  | Gained mutation: You have razor-sharp teeth. [Vine Stalker
                  | growth]
  3705 | Ossuary  | Reached XP level 8. HP: 30/42 MP: 12/12
  3935 | Ossuary  | Reached skill level 5 in Long Blades
  4280 | D:5      | Found a stormy altar of Qazlal.
  4284 | D:5      | Found a blossoming altar of Fedhas.
  4374 | D:5      | Reached skill level 5 in Fighting
  4374 | D:5      | Reached XP level 9. HP: 47/47 MP: 15/15
  4430 | D:5      | Learned a level 3 spell: Vampiric Draining
  4598 | D:5      | Killed a troll
  4836 | D:5      | Reached skill level 1 in Necromancy
  5190 | D:2      | Bought a pair of crude boots for 228 gold pieces
  5190 | D:2      | Identified the +1 pair of boots "Rulixut" {rF- rN+ Will++
                  | Str+4} (You bought it in a shop on level 2 of the Dungeon)
  5259 | D:5      | Reached skill level 5 in Armour
  5694 | D:6      | Found a radiant altar of Vehumet.
  5695 | D:6      | Found a shimmering blue altar of Sif Muna.
  5707 | D:6      | Became a worshipper of Vehumet
  5777 | D:6      | Found a staircase to the Ecumenical Temple.
  5943 | D:6      | Reached skill level 1 in Stealth
  6033 | D:7      | Reached XP level 10. HP: 52/52 MP: 17/17
  6187 | D:7      | Found a snail-covered altar of Cheibriados.
  6454 | D:7      | Noticed Harold
  6481 | D:7      | Killed Harold
  6482 | D:7      | Reached skill level 6 in Fighting
  6529 | D:7      | Found Aqaamp's Book Shop.
  6595 | D:7      | Reached * piety under Vehumet
  6595 | D:7      | Offered knowledge of Shock by Vehumet.
  6598 | D:7      | Learned a level 1 spell: Shock
  7175 | D:8      | Noticed Gastronok
  7197 | D:8      | Killed Gastronok
  7198 | D:8      | Reached skill level 5 in Short Blades
  7198 | D:8      | Reached skill level 5 in Spellcasting
  7198 | D:8      | Reached skill level 1 in Conjurations
  7198 | D:8      | Reached skill level 1 in Air Magic
  7484 | D:8      | Found a faded altar of an unknown god.
  7485 | D:8      | Found a hazy altar of Hepliaklqana.
  7486 | D:8      | Paralysed by a spriggan for 5 turns
  7601 | D:9      | Paralysed by a hornet for 1 turns
  7868 | D:9      | Reached XP level 11. HP: 37/58 MP: 19/19
  7903 | D:9      | Noticed a two-headed ogre
  7912 | D:9      | Killed a two-headed ogre
  8021 | D:9      | Reached skill level 7 in Fighting
  8056 | D:9      | Found a shadowy altar of Dithmenos.
  8056 | D:9      | Found a burning altar of Makhleb.
  8057 | D:9      | Found a sacrificial altar of Ru.
  8433 | D:10     | Entered Level 10 of the Dungeon
  8433 | D:10     | Noticed a two-headed ogre
  8619 | D:10     | Noticed a manticore
  8631 | D:10     | Killed a manticore
  8696 | D:10     | Reached skill level 5 in Necromancy
  8779 | D:10     | Noticed a centaur warrior
  8790 | D:10     | Killed a centaur warrior
  9015 | D:2      | Bought a masterwork chain mail for 228 gold pieces
  9015 | D:2      | Identified the +6 chain mail of Unambiguity {Fly} (You
                  | bought it in a shop on level 2 of the Dungeon)
  9154 | D:10     | Noticed a two-headed ogre
  9161 | D:10     | Killed a two-headed ogre
  9162 | D:10     | Reached skill level 5 in Dodging
  9248 | D:10     | Offered knowledge of Poisonous Vapours by Vehumet.
  9254 | D:10     | Killed a two-headed ogre
  9260 | D:10     | Reached ** piety under Vehumet
  9710 | D:10     | Noticed a death yak
  9711 | D:10     | Noticed a death yak
  9744 | D:10     | Killed a death yak
  9755 | D:10     | Killed a death yak
  9756 | D:10     | Reached XP level 12. HP: 34/63 MP: 22/22
  9792 | D:10     | Noticed a death yak
  9792 | D:10     | Noticed a death yak
  9793 | D:10     | Noticed a death yak
  9794 | D:10     | Found a staircase to the Lair.
  9823 | D:10     | Killed a death yak
  9835 | D:10     | Killed a death yak
  9849 | D:10     | Killed a death yak
  9922 | D:10     | Noticed Fannar
  9948 | D:10     | Killed Fannar
 10140 | D:10     | Noticed a vault guard
 10179 | D:10     | Killed a vault guard
 10218 | D:10     | Found a portal to a secret trove of treasure.
 10329 | Lair:1   | Entered Level 1 of the Lair of Beasts
 10341 | D:11     | Noticed a six-headed hydra
 10341 | D:11     | Noticed a centaur warrior
 10480 | D:11     | Offered knowledge of Static Discharge by Vehumet.
 10596 | D:11     | Reached *** piety under Vehumet
 10652 | D:11     | Noticed a boulder beetle
 10667 | D:11     | Killed a boulder beetle
 10713 | D:11     | Reached skill level 8 in Fighting
 10786 | D:11     | Killed a six-headed hydra
 10794 | D:11     | Killed a centaur warrior
 10794 | D:11     | Offered knowledge of Dazzling Flash by Vehumet.
 10877 | D:11     | Reached skill level 5 in Conjurations
 10905 | D:11     | Reached skill level 5 in Shields
 10941 | D:11     | You are sucked into a shaft and drop 3 floors!
 10942 | D:14     | Noticed a centaur warrior
 10949 | D:14     | Found a snail-covered altar of Cheibriados.
 10963 | D:14     | Killed a centaur warrior
 11082 | D:14     | Reached XP level 13. HP: 50/68 MP: 19/24
 11198 | D:14     | Reached skill level 1 in Throwing
 11226 | D:14     | HP: 2/68 [poisoned by a meliai]
 11227 | D:14     | Succumbed to a meliai's poison

Illustrated notes

Levels and vault maps discovered:
D:1:      psy_arrival_basics, layout_basic, serial_shops, shop
D:2:      layout_loops_ring, serial_shops, nicolae_square_shop,
          ebering_ecumenical_altar_mist, st_stairs_11, uniq_terence,
          uniq_crazy_yiuf_cottage, uniq_natasha
D:3:      layout_basic, lemuel_round_altar, st_stairs_14
D:4:      layout_cave_pools, serial_shops, shop,
          hangedman_abyss_or_decor_lesser_grid
D:5:      layout_loops_corners, grunt_temple_overflow_forces_of_nature,
          chequers_ossuary_entry_cave, minmay_misc_feat_room,
          kennysheep_cross_room, st_stairs_6
D:6:      layout_rooms, mainiacjoe_overflow_divided_tiny,
          minmay_temple_entry_poolview, minmay_mini_ossuary
D:7:      layout_basic, marbit_many_paths, serial_shops, nicolae_shop_crystal,
          uniq_harold
D:8:      layout_loops_ring, beargit_hepliaklqana_dungeon_heroes, uniq_gastronok
D:9:      layout_roguey, nicolae_overflow_hidden_temple
D:10:     minmay_opposing_rooms, layout_loops_ring, dpeg_lair_monsters,
          enter_trove_5, hangedman_abyss_or_decor_stagger, uniq_fannar
D:11:     layout_roguey, special_room [special_room_orc]
D:13:     layout_small_grid, grunt_vaults_entry_tiered
D:14:     layout_basic, nicolae_cairo_tiling_large, kennysheep_slug_shrine
Lair:1:   layout_long_grid, beast_lair_carwin_9, grunt_megastairs_2,
          lemuel_fruit_tree

Skill      XL: |  1  2  3  4  5  6  7  8  9 10 11 12 13 |
---------------+----------------------------------------+-----
Long Blades    | 2 3 4 5 6 |  6.0
Fighting       | 3 4 5 6 7 8 |  8.3
Spellcasting   | 1 2 3 4 5 6 |  6.9
Armour         | 3 4 5 6 7 |  7.0
Shields        | 3 4 5 |  5.1
Dodging        | 1 2 3 4 5 6 |  6.0
Short Blades   | 1 3 4 5 6 7 |  7.3
Necromancy     | 3 4 5 6 |  6.7
Stealth        | 1 2 |  2.5
Conjurations   | 1 3 5 |  5.3
Air Magic      | 1 3 4 |  4.4
Throwing       | 1 |  1.0
Evocations     | |  0.2

Action                   |  1- 3 |  4- 6 |  7- 9 | 10-12 | 13-15 || total
-------------------------+-------+-------+-------+-------+-------++-------
Melee: Long sword        |    70 |   107 |       |       |       ||   177
       Bite              |    21 |    45 |   161 |   292 |     5 ||   524
       Dagger            |       |    84 |   455 |   548 |    20 ||  1107
       Scimitar          |       |       |       |     4 |       ||     4
       Short sword       |       |       |       |   157 |       ||   157
Throw: Dart              |       |     6 |       |       |       ||     6
       Boomerang         |       |     1 |     1 |    18 |       ||    20
Evoke: Wand              |       |       |       |     1 |       ||     1
  Use: Scroll            |       |       |     7 |     1 |       ||     8
       Potion            |       |       |     1 |       |       ||     1
Armor: Scale mail        |    36 |    73 |    71 |    10 |       ||   190
       Chain mail        |       |       |       |   189 |    24 ||   213
       Troll leather arm |       |       |       |    21 |       ||    21
Dodge: Dodged            |    30 |    81 |   112 |   175 |     7 ||   405
Block: Buckler           |    15 |    33 |    52 |    75 |       ||   175
       Tower shield      |       |       |       |   159 |    27 ||   186

Table legend: (Time is in decaauts)
 A = Elapsed time spent in this place.
 B = Non-inter-level travel time spent in this place.
 C = Inter-level travel time spent in this place.
 D = Time resting spent in this place.
 E = Time spent auto-exploring this place.
 F = Levels seen in this place.
 G = Mean time per level.
                   A        B        C        D        E       F      G
               +--------+--------+--------+--------+--------+-----+--------+
         Total |  10944 |   9879 |   1065 |    696 |   6641 |  15 |  729.6 |
       Dungeon |  10539 |   9475 |   1064 |    696 |   6498 |  13 |  810.7 |
          Lair |      1 |      1 |      0 |      0 |      0 |   1 |    1.0 |
       Ossuary |    402 |    402 |      0 |      0 |    143 |   1 |  402.0 |
               +--------+--------+--------+--------+--------+-----+--------+

Top non-repeatable levels by time:
    D:10: 1469 daAuts
     D:5: 1334 daAuts
     D:1: 1178 daAuts
     D:9: 1107 daAuts
     D:2: 1085 daAuts
     D:7: 843 daAuts
     D:3: 761 daAuts
     D:4: 685 daAuts
     D:8: 675 daAuts
     D:6: 589 daAuts
    D:11: 522 daAuts
 Ossuary: 402 daAuts
    D:14: 277 daAuts
    D:13: 9 daAuts
  Lair:1: 1 daAuts
